 Dungeon Crawl Stone Soup version 0.20.0-15-g7f486f2 (webtiles) character file.

36876 polve the Carver (level 13, -4/72 HPs)
             Began as a Vine Stalker Fighter on June 30, 2017.
             Was the Champion of Okawaru.
             Killed from afar by an oklob plant (11 damage)
             ... with a splash of acid
             ... on level 6 of the Lair of Beasts.
             The game lasted 00:25:45 (15793 turns).

polve the Carver (Vine Stalker Fighter)            Turns: 15793, Time: 00:25:46

Health: -4/72      AC:  2    Str: 20    XL:     13   Next: 93%
Magic:  0/20       EV:  7    Int:  8    God:    Okawaru [******]
Gold:   978        SH: 12    Dex: 18    Spells: 12/12 levels left

rFire    + . .     SeeInvis .   a - +4 double sword (holy)
rCold    + . .     Gourm    .   c - +0 shield
rNeg     . . .     Faith    .   O - +0 chain mail
rPois    .         Spirit   +   (no helmet)
rElec    .         Reflect  .   Q - +0 cloak
rCorr    .         Harm     .   y - +2 pair of gloves
MR       +....                  k - +1 pair of boots {Fly}
Stlth    ..........             (no amulet)
Regen    1.1/turn               w - ring of protection from cold
MPRegen  0.2/turn               m - ring of protection from fire

@: corroded, flying
A: fangs 3, regeneration 2, magic shield, antimagic bite, no potion heal 3, rot
immunity
a: Heroism, Finesse, Renounce Religion, Stop Flying


You were on level 6 of the Lair of Beasts.
You worshipped Okawaru.
Okawaru was exalted by your worship.
You were not hungry.

You visited 2 branches of the dungeon, and saw 16 of its levels.
You also visited: Sewer.

You collected 1061 gold pieces.
You spent 83 gold pieces at shops.

Inventory:

Hand Weapons
 a - a +4 double sword of holy wrath (weapon)
 b - a +4 scimitar of flaming
Armour
 c - a +0 shield (worn)
 k - a +1 pair of boots of flying (worn)
 y - a +2 pair of gloves (worn)
 O - a +0 chain mail (worn)
 Q - a +0 cloak (worn)
Jewellery
 m - a ring of protection from fire (right hand)
 w - a ring of protection from cold (left hand)
 A - an uncursed ring of protection from magic
Wands
 u - a wand of acid (8/15)
 G - a wand of scattershot (4/9)
Scrolls
 n - 3 scrolls of enchant armour
 o - 2 scrolls of teleportation
 p - 3 scrolls of amnesia
 r - a scroll of blinking {unknown}
 t - 5 scrolls of fog
 v - 4 scrolls of enchant weapon
 C - 3 scrolls of remove curse
 D - a scroll of summoning
 L - 2 scrolls of recharging
 N - 3 scrolls of magic mapping
Potions
 e - a potion of lignification
 g - a potion of brilliance {unknown}
 l - 4 potions of curing
 q - 5 potions of haste
 s - 3 potions of agility {unknown}
 B - a potion of berserk rage {unknown}
 H - 5 potions of might
 I - 2 potions of ambrosia
 M - a potion of cancellation {unknown}
 P - a potion of invisibility {unknown}
Books
 d - a book of Debilitation

   Spells                             Type                      Level
   a - Corona                         Hexes                        1
   b - Slow                           Hexes                        2
   c - Inner Flame                    Hexes/Fire                   3
   d - Portal Projectile              Hexes/Translocation          3
   e - Cause Fear                     Hexes                        4
   f - Leda's Liquefaction            Hexes/Earth                  4
 x - a book of the Tempests

   Spells                             Type                      Level
   a - Static Discharge               Conjuration/Air              3
   b - Lightning Bolt                 Conjuration/Air              5
   c - Ignition                       Fire                         8
   d - Tornado                        Air                          9
   e - Shatter                        Earth                        9
 E - a book of Necromancy

   Spells                             Type                      Level
   a - Pain                           Necromancy                   1
   b - Animate Skeleton               Necromancy                   1
   c - Vampiric Draining              Necromancy                   3
   d - Regeneration                   Charms/Necromancy            3
   e - Animate Dead                   Necromancy                   4
   f - Control Undead                 Necromancy                   4
 F - a book of Clouds

   Spells                             Type                      Level
   a - Poisonous Vapours              Poison/Air                   2
   b - Mephitic Cloud                 Conjuration/Poison/Air       3
   c - Conjure Flame                  Conjuration/Fire             3
   d - Freezing Cloud                 Conjuration/Ice/Air          6
   e - Ring of Flames                 Charms/Fire                  7
 J - a book of Geomancy

   Spells                             Type                      Level
   a - Sandblast                      Earth                        1
   b - Passwall                       Transmutation/Earth          2
   c - Stone Arrow                    Conjuration/Earth            3
   d - Petrify                        Transmutation/Earth          4
   e - Lee's Rapid Deconstruction     Earth                        5
Comestibles
 f - 8 bread rations
 h - 7 meat rations
 i - 5 chunks of flesh
 j - 19 royal jellies
 T - 21 fruits


   Skills:
 - Level 10.0 Fighting
 * Level 11.0 Long Blades
 + Level 9.6 Armour
 + Level 10.4 Shields
 - Level 9.0 Invocations


You had 12 spell levels left.
You didn't know any spells.

Dungeon Overview and Level Annotations

Branches:
Dungeon (10/15)            Temple (0/1) D:5            Lair (6/6) D:9
  Swamp (0/4) Lair:4       Spider (0/4) Lair:4        Slime (0/5) Lair:6
    Orc: D:9-12

Altars:
Ashenzari
Cheibriados
Dithmenos
Fedhas
Makhleb
Okawaru
Ru
Vehumet
Yredelemnul
Jiyva

Shops:
D:6 !=**

Annotations:
Lair:3 exclusion: oklob plant
Lair:6 exclusion: oklob plant


Innate Abilities, Weirdness & Mutations

You have razor-sharp teeth.
You heal very quickly.
When hurt, damage is shared between your health and your magic reserves.
Your bite disrupts and absorbs the magic of your enemies.
Potions cannot restore your health.
You are immune to rotting.


Message History

The oklob plant is almost destroyed.
The oklob plant spits acid at you. The splash of acid hits you!
* * * LOW HITPOINT WARNING * * *
You are splashed with acid!
The acid burns!
* * * LOW HITPOINT WARNING * * *
You hit the oklob plant but do no damage.
You bite the oklob plant, but do no damage.
The oklob plant is almost destroyed.
You hit the oklob plant.
The oklob plant is almost destroyed.
You hit the oklob plant but do no damage.
You bite the oklob plant, but do no damage.
The oklob plant is almost destroyed.
You hit the oklob plant but do no damage.
You bite the oklob plant, but do no damage.
The oklob plant is almost destroyed.
The oklob plant spits acid at you. The splash of acid hits you!
You die...

#### ########
.....#....PP###
........P.....# .#.#
##@P...... ....
#.........
...#...#P........
.......#.........
#.#..#.......... #P
#...###..#...##. #..
#.P##..##...# .#...
#.......#P...P
.....#####.#....#......#


You could see an oklob plant.

Vanquished Creatures
  Kirke (Lair:5)
  Snorg (Lair:5)
  Harold (Lair:2)
  5 hydras
  Fannar (Lair:3)
  Erica (D:8)
  A two-headed ogre (D:8)
  Urug (Lair:2)
  11 elephants
  2 black mambas
  Maurice (D:8)
  5 spiny frogs
  3 rime drakes
  3 komodo dragons
  A merfolk (D:9)
  A polar bear (Lair:3)
  A jumping spider (Lair:5)
  A queen bee (Lair:1)
  2 tyrant leeches (Lair:4)
  20 blink frogs
  6 hippogriffs
  5 redbacks (Lair:4)
  2 wyverns
  A basilisk (Lair:2)
  3 hogs (Lair:5)
  25 yaks
  Menkaure (D:6)
  A swamp worm (Lair:4)
  8 water moccasins
  3 ice beasts (D:6)
  9 porcupines
  3 orc warriors
  Purgy (Sewer)
  A black bear (D:8)
  A sky beast (D:5)
  2 necrophages
  9 wolves
  3 ogres
  2 phantoms
  4 centaurs
  11 crocodiles
  7 bullfrogs
  A wyvern zombie (D:6)
  A wyvern skeleton (D:7)
  A scorpion (D:4)
  30 killer bees
  A howler monkey (D:5)
  2 electric eels (D:9)
  7 crimson imps
  A bullfrog zombie (D:7)
  A jelly (D:8)
  A centaur zombie (D:7)
  2 hounds
  11 orc priests
  10 orc wizards
  A bullfrog skeleton (D:6)
  4 iguanas
  7 worker ants
  A statue (D:9)
  2 killer bee zombies
  A hound zombie (D:7)
  2 hound skeletons
  A worker ant zombie (D:9)
  10 gnolls
  9 adders
  A shadow imp (D:5)
  An ooze (D:1)
  An adder skeleton (D:4)
  2 worms
  4 dart slugs
  7 leopard geckos
  27 orcs
  2 ball pythons
  11 bats
  6 giant cockroaches
  7 goblins
  7 hobgoblins
  3 jackals (D:1)
  6 kobolds
  2 quokkas
  6 frilled lizards
  15 rats
  A spectral orc (D:2)
  A plant (Lair:4)
388 creatures vanquished.

Vanquished Creatures (others)
  A human (Lair:5)
  A bush (D:9)
  6 fungi
  7 plants
15 creatures vanquished.

Grand Total: 403 creatures vanquished

Notes
Turn   | Place    | Note
-------+----------+-------------------------------------------
     0 | D:1      | polve the Vine Stalker Fighter began the quest for the Orb.
     0 | D:1      | Reached XP level 1. HP: 11/11 MP: 2/2
    22 | D:1      | Reached skill level 2 in Long Blades
   354 | D:1      | Reached XP level 2. HP: 15/16 MP: 3/3
   536 | D:1      | Reached skill level 3 in Long Blades
   583 | D:1      | Reached XP level 3. HP: 19/19 MP: 4/4
  1095 | D:2      | Found a faded altar of an unknown god.
  1523 | D:2      | Gained mutation: Your natural rate of healing is unusually fast. [Vine Stalker growth]
  1523 | D:2      | Reached XP level 4. HP: 23/23 MP: 5/5
  1747 | D:2      | Reached skill level 4 in Long Blades
  1796 | D:2      | Found a basalt altar of Yredelemnul.
  1840 | D:2      | Became a worshipper of Warmaster Okawaru
  1840 | D:2      | Reached * piety under Okawaru
  2054 | D:3      | Found a sacrificial altar of Ru.
  2056 | D:3      | Reached XP level 5. HP: 27/27 MP: 6/6
  2261 | D:3      | Reached skill level 5 in Long Blades
  2442 | D:3      | HP: 1/27 [poisoned by an adder]
  2443 | D:3      | Reached skill level 1 in Invocations
  2447 | D:3      | HP: 1/27 [orc wizard/dagger (1)]
  2448 | D:3      | Reached XP level 6. HP: 1/32 MP: 2/8
  3128 | D:4      | Reached ** piety under Okawaru
  3433 | D:4      | Reached XP level 7. HP: 33/35 MP: 10/10
  3455 | D:4      | Found a shadowy altar of Dithmenos.
  3531 | D:4      | Reached skill level 6 in Long Blades
  3980 | D:5      | Entered Level 5 of the Dungeon
  4234 | D:5      | Found a staircase to the Ecumenical Temple.
  4240 | D:5      | Gained mutation: You have razor-sharp teeth. [Vine Stalker growth]
  4240 | D:5      | Reached XP level 8. HP: 35/39 MP: 12/12
  4345 | D:5      | Found a glowing drain.
  4349 | Sewer    | Entered a sewer
  4376 | Sewer    | Noticed Purgy
  4399 | Sewer    | Killed Purgy
  4399 | Sewer    | Reached skill level 7 in Long Blades
  4399 | Sewer    | Reached skill level 5 in Invocations
  4526 | D:5      | Reached *** piety under Okawaru
  4816 | D:6      | Found Deedgho's Assorted Antiques.
  4824 | D:6      | Bought a scroll labeled VEZUGU GINUEW for 22 gold pieces
  4824 | D:6      | Bought a scroll labeled ASINECE QIHAQ for 22 gold pieces
  4824 | D:6      | Bought 2 sedimented silvery potions for 39 gold pieces
  4843 | D:6      | Noticed Menkaure
  4844 | D:6      | Found Lisiuxkoudd's Distillery.
  4848 | D:6      | Killed Menkaure
  4857 | D:6      | Found Runum's Jewellery Boutique.
  4938 | D:6      | Reached skill level 8 in Long Blades
  5048 | D:6      | Reached **** piety under Okawaru
  5048 | D:6      | Reached XP level 9. HP: 30/43 MP: 13/15
  5850 | D:6      | Found Umax's Assorted Antiques.
  5924 | D:6      | You fall through a shaft for 3 floors!
  6159 | D:8      | Noticed Maurice
  6181 | D:8      | Killed Maurice
  6181 | D:8      | Reached skill level 9 in Long Blades
  6207 | D:8      | Noticed Erica
  6226 | D:8      | Killed Erica
  6226 | D:8      | Received a gift from Okawaru
  6290 | D:8      | Reached XP level 10. HP: 47/47 MP: 17/17
  6323 | D:8      | Found a shattered altar of Ashenzari.
  6445 | D:7      | Reached skill level 10 in Long Blades
  6692 | D:6      | Found a snail-covered altar of Cheibriados.
  6900 | D:7      | Reached ***** piety under Okawaru
  7706 | D:7      | Received a gift from Okawaru
  7943 | D:8      | Found a burning altar of Makhleb.
  8205 | D:8      | Noticed a two-headed ogre
  8220 | D:8      | Killed a two-headed ogre
  8220 | D:8      | Reached skill level 5 in Fighting
  8399 | D:9      | Found a staircase to the Lair.
  8413 | D:9      | Reached skill level 5 in Shields
  8739 | D:9      | Reached XP level 11. HP: 56/56 MP: 18/18
  8759 | D:9      | Found a radiant altar of Vehumet.
  9120 | D:9      | Reached skill level 5 in Armour
  9258 | D:10     | Entered Level 10 of the Dungeon
  9351 | Lair:1   | Entered Level 1 of the Lair of Beasts
 10110 | Lair:1   | HP: 2/84 [poisoned by a killer bee]
 10118 | Lair:1   | HP: 2/85 [killer bee (2)]
 10147 | Lair:1   | HP: 2/87 [killer bee (3)]
 10154 | Lair:1   | Received a gift from Okawaru
 10569 | Lair:2   | Noticed a six-headed hydra
 10585 | Lair:2   | Killed a two-headed hydra
 10756 | Lair:2   | Noticed a five-headed hydra
 10763 | Lair:2   | Killed a one-headed hydra
 10796 | Lair:2   | Gained mutation: You heal very quickly. [Vine Stalker growth]
 10796 | Lair:2   | Reached XP level 12. HP: 56/63 MP: 16/19
 11037 | Lair:2   | Noticed Urug
 11072 | Lair:2   | Killed Urug
 11860 | Lair:3   | Received a gift from Okawaru
 11934 | Lair:3   | Noticed Harold
 11940 | Lair:3   | Noticed Fannar
 11978 | Lair:2   | Killed Harold
 12221 | Lair:3   | Killed Fannar
 12400 | Lair:3   | Found a blossoming altar of Fedhas.
 12545 | Lair:3   | Noticed a seven-headed hydra
 12555 | Lair:3   | Killed a one-headed hydra
 12790 | Lair:3   | Reached XP level 13. HP: 60/70 MP: 17/20
 13385 | Lair:4   | Found a hole to the Spider Nest.
 13398 | Lair:4   | Received a gift from Okawaru
 14051 | Lair:4   | Found a staircase to the Swamp.
 14722 | Lair:5   | Reached skill level 10 in Fighting
 14776 | Lair:5   | Noticed Kirke
 14778 | Lair:5   | Reached skill level 10 in Shields
 15034 | Lair:5   | Killed Kirke
 15095 | Lair:5   | Noticed Snorg
 15109 | Lair:5   | Killed Snorg
 15117 | Lair:5   | Reached ****** piety under Okawaru
 15391 | Lair:5   | Received a gift from Okawaru
 15583 | Lair:6   | Entered Level 6 of the Lair of Beasts
 15583 | Lair:6   | Found a viscous altar of Jiyva.
 15583 | Lair:6   | Found a staircase to the Slime Pits.
 15647 | Lair:5   | Reached skill level 11 in Long Blades
 15789 | Lair:6   | HP: 2/72 [acid (8)]
 15793 | Lair:6   | Killed from afar by an oklob plant

Skill      XL: |  1  2  3  4  5  6  7  8  9 10 11 12 13 |
---------------+----------------------------------------+-----
Long Blades    | 2 3 4 5 6 8 9 10 11 | 11.0
Invocations    | 1 3 4 6 8 9 |  9.0
Fighting       | 5 7 9 10 | 10.0
Shields        | 5 7 9 10 | 10.4
Armour         | 4 6 8 9 |  9.6

Action                   |  1- 3 |  4- 6 |  7- 9 | 10-12 | 13-15 || total
-------------------------+-------+-------+-------+-------+-------++-------
Melee: Long sword        |    97 |   175 |   201 |       |       ||   473
       Bite              |    25 |    61 |    98 |   241 |   163 ||   588
       Scimitar          |       |       |    67 |   592 |    47 ||   706
       Double sword      |       |       |       |   104 |   303 ||   407
Invok: Heroism           |       |     1 |     5 |    11 |       ||    17
       Finesse           |       |       |       |     3 |       ||     3
  Use: Scroll            |       |       |     7 |     6 |     2 ||    15
       Potion            |       |       |     1 |     5 |     1 ||     7
  Eat: Chunk             |     1 |     7 |    10 |    20 |     8 ||    46
       Royal jelly       |       |       |       |     1 |     1 ||     2
Armor: Scale mail        |    53 |    75 |   100 |    55 |       ||   283
       Chain mail        |       |       |       |   236 |   256 ||   492
       Skin              |       |       |       |    29 |       ||    29
Dodge: Dodged            |    40 |    40 |    79 |   146 |   121 ||   426
Block: Shield            |    60 |    72 |   115 |   395 |   285 ||   927
       Rpst.: Long sword |    10 |    16 |    25 |       |       ||    51
       Scimitar          |       |       |     2 |    43 |    12 ||    57
       Double sword      |       |       |       |     5 |    17 ||    22
